 Dungeon Crawl Stone Soup version 0.19-a0-1886-gd64a0f0 (webtiles) character file.

671 Kirkhe the Bolt Thrower (level 7, -4/43 HPs)
             Began as an Octopode Arcane Marksman on Oct 15, 2016.
             Was a Believer of Cheibriados.
             Slain by a sky beast (5 damage)
             ... on level 5 of the Dungeon.
             The game lasted 00:15:01 (4503 turns).

Kirkhe the Bolt Thrower (Octopode Arcane Marksman)  Turns: 4503, Time: 00:15:03

Health: -4/43      AC:  1    Str: 13 (16) XL:     7   Next: 58%
Magic:  10/10      EV: 13    Int: 21 (22) God:    Cheibriados [**....]
Gold:   117        SH:  0    Dex: 13 (16) Spells: 2 memorised, 8 levels left

rFire  . . .     SeeInvis .     a - +2 hand crossbow
rCold  . . .     Gourm    .     (no shield)
rNeg   . . .     Faith    .     (helmet restricted)
rPois  .         Spirit   .     (no amulet)
rElec  .         Dismiss  .     (no ring)
rCorr  .         Reflect  .     (no ring)
MR     .....     Harm     .     (no ring)
Stlth  ++........               (no ring)
                                (no ring)
                                (no ring)
                                (no ring)
                                (no ring)

@: very slightly contaminated, hasted
A: almost no armour, stealthy swim, amphibious, 8 rings, constrict 8, camouflage
1, gelatinous body 1
a: Bend Time, Renounce Religion


You were on level 5 of the Dungeon.
You worshipped Cheibriados.
Cheibriados was pleased with you.
You were not hungry.

You visited 1 branch of the dungeon, and saw 5 of its levels.

You collected 117 gold pieces.

Inventory:

Hand Weapons
 a - a +2 hand crossbow (weapon)
 w - the +4 Vampire's Tooth {vamp}
   (You found it on level 4 of the Dungeon)

   It inflicts no extra harm, but heals its wielder when it wounds a living foe.
Armour
 p - a +0 buckler
Wands
 s - a wand of slowing (25/48)
Scrolls
 b - 2 scrolls of enchant weapon
 f - 2 scrolls of fear
 i - a scroll of fog
 m - 2 scrolls of remove curse
Potions
 h - 3 potions of flight
 j - a potion of invisibility
 n - a potion of haste
 r - a potion of brilliance
 u - a potion of might {unknown}
 v - a potion of cure mutation
Books
 e - a book of Debilitation

   Spells                             Type                      Level
   a - Corona                         Hexes                        1
   b - Slow                           Hexes                        2
   c - Gell's Gravitas                Hexes/Translocation          3
   d - Inner Flame                    Hexes/Fire                   3
   e - Cause Fear                     Hexes                        4
   f - Leda's Liquefaction            Hexes/Earth                  4
Comestibles
 d - 6 bread rations
 g - a slice of pizza
 k - a meat ration
 l - 8 fruits


   Skills:
 - Level 1.0 Fighting
 - Level 6.6 Crossbows
 - Level 2.0 Dodging
 * Level 1.0 Unarmed Combat
 * Level 2.5 Spellcasting
 * Level 4.8 Hexes
 * Level 0.2 Invocations


You had 8 spell levels left.
You knew the following spells:

 Your Spells              Type           Power        Failure   Level  Hunger
a - Corona                Hex            ###....      1%          1    None
b - Slow                  Hex            ###.....     2%          2    ##.....


Dungeon Overview and Level Annotations

Branches:
Dungeon (5/15)
 Temple: D:4-7

Altars:
Cheibriados
Dithmenos
Hepliaklqana
Kikubaaqudgha
Makhleb
Nemelex Xobeh
Yredelemnul


Innate Abilities, Weirdness & Mutations

You cannot wear most types of armour.
You are very stealthy in the water. (Stealth+)
You are amphibious.
You can wear up to eight rings at the same time.
You can use your tentacles to constrict eight enemies at once.
Your skin changes colour to match your surroundings (Stealth+).
Your rubbery body absorbs attacks. (AC +1, EV +1)


Message History

The sky beast flickers out of sight!
Deactivating autopickup; reactivate with Ctrl-A.
Something hits you. Something shocks you.
Fire/throw which item? (* to show all) (? for menu, Esc to quit)
Press: ? - help, Shift-Dir - straight line You shoot a bolt.
Something hits you. Something shocks you.
It was a potion of haste.
You feel yourself speed up.
Cheibriados forgives your accidental hurry, just this once.
Something hits you.
* * * LOW HITPOINT WARNING * * *
Something shocks you.
* * * LOW HITPOINT WARNING * * *
You are very lightly contaminated with residual magic.
It was a potion of degeneration.
There was something very wrong with that liquid.
You feel weakened.
You feel dopey.
You feel clumsy. Something hits you.
* * * LOW HITPOINT WARNING * * *
Something shocks you.
You die...

####### ###.#....## ..#...#
#...#..).#. ..#...# #...#....#.
..##..# #...#....'. ..##..#
######'##....#. ......##
####(#...........#. .......#
#.(..#...........#. ####...#
+.{..#...........#. ...#..#####
#@###...........#.
...#'###..######.#.......####'###
...#..##.....'...#.......#....##.
...#.........#...#.......#.....#.
...#.........#...#.......#.....#.
...#.........#...#.......#.....#.
...#######..###..#.......##'#####
##########..####+###.............
#..................#.............


There were no monsters in sight!

Vanquished Creatures
  The ghost of Deemzul the Slasher, an amateur OpBe of Trog (D:3)
  A scorpion (D:5)
  A water moccasin skeleton (D:4)
  2 vampire bats (D:4)
  A hound (D:2)
  2 orc wizards (D:5)
  A bullfrog skeleton (D:4)
  3 worker ants
  A hound skeleton (D:4)
  4 adders
  A shadow imp (D:5)
  An ooze (D:3)
  2 adder zombies (D:5)
  4 worms
  A dart slug (D:3)
  2 leopard geckos
  15 orcs
  3 giant cockroaches
  5 goblins
  6 hobgoblins
  6 jackals
  A ball python (D:3)
  18 bats
  9 frilled lizards
  10 kobolds
  9 rats
110 creatures vanquished.

Notes
Turn   | Place    | Note
-------+----------+-------------------------------------------
     0 | D:1      | Kirkhe the Octopode Arcane Marksman began the quest for the Orb.
     0 | D:1      | Reached XP level 1. HP: 13/13 MP: 2/2
   308 | D:1      | Reached XP level 2. HP: 18/18 MP: 3/3
   788 | D:1      | Reached XP level 3. HP: 23/23 MP: 4/4
  1175 | D:2      | Reached skill level 3 in Crossbows
  1257 | D:2      | Found a burning altar of Makhleb.
  1260 | D:2      | Reached XP level 4. HP: 23/28 MP: 5/5
  1299 | D:2      | Learned a level 2 spell: Slow
  1916 | D:3      | Found a snail-covered altar of Cheibriados.
  1919 | D:3      | Found an ancient bone altar of Kikubaaqudgha.
  1923 | D:3      | Found a shadowy altar of Dithmenos.
  1923 | D:3      | Found a sparkling altar of Nemelex Xobeh.
  1928 | D:3      | Became a worshipper of Cheibriados the Contemplative
  1936 | D:3      | Found a basalt altar of Yredelemnul.
  2083 | D:3      | Noticed Deemzul's ghost (amateur OpBe)
  2101 | D:3      | Killed Deemzul's ghost
  2101 | D:3      | Reached skill level 4 in Crossbows
  2101 | D:3      | Reached XP level 5. HP: 20/33 MP: 5/7
  2226 | D:3      | Reached XP level 6. HP: 19/38 MP: 8/8
  2230 | D:3      | Reached skill level 5 in Crossbows
  2435 | D:3      | Reached * piety under Cheibriados
  3136 | D:4      | Reached ** piety under Cheibriados
  3167 | D:4      | Reached skill level 6 in Crossbows
  3167 | D:4      | Reached XP level 7. HP: 27/43 MP: 10/10
  3309 | D:5      | Entered Level 5 of the Dungeon
  3485 | D:5      | Found a hazy altar of Hepliaklqana.
  4258 | D:5      | Reached skill level 1 in Unarmed Combat
  4503 | D:5      | HP: 1/43 [something (3)]
  4503 | D:5      | Slain by a sky beast

Vault maps used:
D:1:      kilobyte_arrival_exit_the_forest, minivault_14
D:2:      makhleb_blood_cavern_becter
D:3:      wad_crossroads, minitemple, first_bread
D:4:      minmay_guarded_unrand_vampires_tooth
D:5:      marbit_many_paths

Skill      XL: |  1  2  3  4  5  6  7 |
---------------+----------------------+-----
Crossbows      | 3 4 6 |  6.6
Hexes          | 4 |  4.8
Spellcasting   | 2 |  2.5
Unarmed Combat | 1 |  1.0
Fighting       | |  1.0
Dodging        | |  2.0
Invocations    | |  0.2

Action                   |  1- 3 |  4- 6 |  7- 9 || total
-------------------------+-------+-------+-------++-------
Melee: Unarmed           |    19 |    56 |    33 ||   108
       Constrict         |     9 |    16 |    13 ||    38
       Tentacles         |     3 |    13 |     9 ||    25
 Fire: Hand crossbow     |    60 |   105 |    30 ||   195
Throw: Throwing net      |       |       |     2 ||     2
 Cast: Corona            |       |     1 |       ||     1
  Use: Scroll            |       |    11 |     3 ||    14
       Potion            |       |     2 |     2 ||     4
 Stab: Sleeping          |     2 |     6 |     1 ||     9
  Eat: Chunk             |     1 |     5 |     2 ||     8
Armor: Skin              |     3 |    18 |     4 ||    25
Dodge: Dodged            |    26 |   100 |    34 ||   160
